 Dungeon Crawl Stone Soup version 0.23.2-33-g5129a83 (webtiles) character file.

Game seed: 7085567437456799515

1409 Aphrodieselac the Spear-Bearer (level 8, -3/56 HPs)
             Began as a Merfolk Skald on Aug 4, 2019.
             Was a Follower of Wu Jian.
             Slain by an orc wizard
             ... wielding a +0 dagger
              (4 damage)
             ... on level 6 of the Dungeon.
             The game lasted 00:33:56 (5461 turns).

Aphrodieselac the Spear-Bearer (Merfolk Skald)      Turns: 5461, Time: 00:33:57

Health: -3/56      AC:  7    Str: 14    XL:     8   Next: 70%
Magic:  9/11       EV: 15    Int: 12    God:    Wu Jian [*.....]
Gold:   256        SH:  0    Dex: 13    Spells: 7/11 levels left

rFire    . . .     SeeInvis +   a - +3 halberd
rCold    . . .     Gourm    .   (shield currently unavailable)
rNeg     . . .     Faith    .   F - +3 leather armour
rPois    .         Spirit   .   (no helmet)
rElec    .         Reflect  .   (no cloak)
rCorr    .         Harm     .   (no gloves)
MR       .....                  l - +0 pair of boots
Stlth    +.........             (no amulet)
HPRegen  0.18/turn              G - ring of see invisible
MPRegen  0.12/turn              (no ring)

@: lethally poisoned (-3 -> -4), very slightly contaminated
A: change form in water, swift swim, stealthy swim
a: Renounce Religion


You were on level 6 of the Dungeon.
You worshipped Wu Jian.
Wu Jian was aware of your devotion.
You were not hungry.

You visited 2 branches of the dungeon, and saw 8 of its levels.

You collected 360 gold pieces.
You spent 104 gold pieces at shops.

Inventory:

Hand Weapons
 a - a +3 halberd (weapon)
 b - the +7 hunting sling "Kaal" {velocity, rN++ Str+5 Int-5}
   (You bought it in a shop on level 4 of the Dungeon)

   Any stone fired from it inflicts extra damage.
   It affects your strength (+5).
   It affects your intelligence (-5).
   It greatly protects you from negative energy.
 g - a +0 trident
 x - a +0 spear
 D - a +0 blowgun
Missiles
 o - 12 poisoned needles
 C - 114 stones (quivered)
 H - 30 sling bullets
Armour
 c - a +0 troll leather armour
 l - a +0 pair of boots (worn)
 r - a +0 buckler
 B - a +0 leather armour
 F - a +3 leather armour (worn)
Jewellery
 s - an uncursed amulet of faith
 G - a ring of see invisible (left hand)
Scrolls
 f - a scroll of magic mapping {unknown}
 h - a scroll of enchant weapon {unknown}
 k - 7 scrolls of remove curse
 m - 2 scrolls of immolation
 n - 2 scrolls of amnesia
 p - 2 scrolls of fear
 v - a scroll of blinking {unknown}
 w - a scroll of enchant armour {unknown}
 y - 3 scrolls of teleportation
 A - a scroll of noise {unknown}
 J - a scroll of identify {unknown}
Potions
 e - 2 potions of agility {unknown}
 i - a potion of degeneration {unknown}
 j - 2 potions of flight {unknown}
 q - a potion of resistance {unknown}
 t - a potion of invisibility {unknown}
 u - 3 potions of lignification {unknown}
 z - 2 potions of heal wounds {unknown}
 E - a potion of ambrosia {unknown}
Comestibles
 d - 9 rations


   Skills:
 - Level 2.1 Fighting
 * Level 12.1 Polearms
 - Level 0.6 Armour
 - Level 6.0 Dodging
 - Level 2.0 Spellcasting
 + Level 5.8 Charms


You had 7 spell levels left.
You knew the following spells:

 Your Spells              Type           Power        Failure   Level  Hunger
a - Infusion              Chrm           ###.         3%          1    ##.....
b - Spectral Weapon       Hex/Chrm       #.......     32%         3    ####...

Your spell library contained the following spells:

 Spells                   Type           Power        Failure   Level  Hunger
 Song of Slaying          Chrm           ###.....     4%          2    ###....
 Shroud of Golubria       Chrm/Tloc      #.........   16%         2    ###....
 Ozocubu's Armour         Chrm/Ice       #.......     32%         3    ####...
 Regeneration             Chrm/Necr      #.........   32%         3    ####...
 Freeze                   Ice            #...         34%         1    ##.....
 Magic Dart               Conj           #...         34%         1    ##.....
 Blink                    Tloc           N/A          45%         2    ###....
 Call Imp                 Summ           #.......     45%         2    ###....
 Slow                     Hex            #.......     45%         2    ###....
 Throw Frost              Conj/Ice       #.....       45%         2    ###....
 Conjure Flame            Conj/Fire      #.......     71%         3    ####...
 Gell's Gravitas          Tloc           #.........   71%         3    ####...
 Lesser Beckoning         Tloc           #.........   71%         3    ####...
 Mephitic Cloud           Conj/Pois/Air  #.......     71%         3    ####...
 Teleport Other           Tloc           #.......     71%         3    ####...
 Passage of Golubria      Tloc           N/A          98%         4    #####..
 Summon Ice Beast         Ice/Summ       #.......     98%         4    #####..
 Throw Icicle             Conj/Ice       #.......     98%         4    #####..


Dungeon Overview and Level Annotations

Branches:
Dungeon (7/15)             Temple (1/1) D:4

Altars:
Ashenzari
Cheibriados
Dithmenos
Elyvilon
Fedhas
Gozag
Hepliaklqana
Kikubaaqudgha
Makhleb
Nemelex Xobeh
Okawaru
Qazlal
Ru
Sif Muna
Trog
Uskayaw
Vehumet
Wu Jian
Xom
Yredelemnul
Zin
The Shining One

Shops:
D:4 (

Annotations:
D:7 Joseph


Message History

You closely miss the killer bee.
You feel sick. The killer bee stings you.
* * * LOW HITPOINT WARNING * * *
The orc wizard hits you with a +0 dagger.
* * * LOW HITPOINT WARNING * * *
The orc completely misses you. The killer bee barely misses you.
You puncture the killer bee!
The killer bee is severely wounded.
The killer bee closely misses you.
The orc wizard hits you but does no damage.
The orc misses you.
You slash the killer bee!
You kill the killer bee!
The Council accepts your kill.
The orc wizard hits you with a +0 dagger.
* * * LOW HITPOINT WARNING * * *
You closely miss the orc wizard.
* * * LOW HITPOINT WARNING * * *
You feel sick. The orc misses you.
The orc wizard hits you with a +0 dagger.
You die...

..............# ##.
..............### ##
................###
.....(............##
............).)....###
...........)###......###
............#
#..).....###
............#
#..........####
...........##
#.@...........###
...........#
#†oo............###
...........#
#.........##.......
...........#
##.......#####.....
.........#.## ##.....##
###.... ........##..##
##.#### ##......
##.....###...### ###
##.......
##########....##
#........ ##.......###
##........


You could see an orc wizard and an orc.

Vanquished Creatures
  A sky beast (D:4)
  An ice beast (D:6)
  An orc warrior (D:5)
  2 ogres
  A centaur (D:6)
  2 scorpions (D:4)
  A killer bee (D:6)
  A howler monkey (D:4)
  3 hounds
  An orc wizard (D:5)
  A centaur skeleton (D:6)
  4 iguanas
  6 worker ants
  8 gnolls (D:6)
  A howler monkey skeleton (D:4)
  10 adders
  A shadow imp (D:6)
  An ooze (D:4)
  An adder zombie (D:6)
  3 worms (D:3)
  A dart slug (D:1)
  3 leopard geckos
  17 orcs
  2 ball pythons
  6 bats
  4 giant cockroaches
  6 goblins
  7 hobgoblins
  3 jackals
  5 quokkas
  9 frilled lizards
  A jackal skeleton (D:5)
  10 kobolds
  6 rats
130 creatures vanquished.

Notes
Turn   | Place    | Note
-------+----------+-------------------------------------------
     0 | D:1      | Aphrodieselac the Merfolk Skald began the quest for the
                  | Orb.
     0 | D:1      | Reached XP level 1. HP: 16/16 MP: 3/3
   282 | D:1      | Reached XP level 2. HP: 22/22 MP: 5/5
   641 | D:2      | Reached skill level 4 in Polearms
   643 | D:2      | Found a blossoming altar of Fedhas.
   646 | D:2      | Found a sparkling altar of Nemelex Xobeh.
   847 | D:2      | Reached XP level 3. HP: 27/27 MP: 6/6
  1239 | D:3      | Reached skill level 5 in Polearms
  1439 | D:3      | Reached XP level 4. HP: 19/33 MP: 7/7
  1592 | D:3      | Learned a level 2 spell: Song of Slaying
  1875 | D:3      | Reached skill level 6 in Polearms
  1885 | D:3      | You fall through a shaft for 3 floors!
  1935 | D:6      | Reached XP level 5. HP: 19/38 MP: 5/8
  2272 | D:6      | Noticed a centaur
  2293 | D:6      | Killed a centaur
  2293 | D:6      | Reached skill level 7 in Polearms
  2293 | D:6      | Reached skill level 5 in Dodging
  2293 | D:6      | Reached XP level 6. HP: 11/44 MP: 9/9
  2529 | D:6      | Reached skill level 8 in Polearms
  2564 | D:6      | Reached XP level 7. HP: 50/50 MP: 10/10
  2600 | D:6      | Reached skill level 9 in Polearms
  2662 | D:5      | Entered Level 5 of the Dungeon
  2663 | D:5      | Found a basalt altar of Yredelemnul.
  3010 | D:4      | Found Qothruoj's Antique Weapon Shop.
  3021 | D:3      | HP: 2/50 [something (6)]
  3027 | D:4      | Reached skill level 10 in Polearms
  3120 | D:4      | Bought an ancient hunting sling for 104 gold pieces
  3120 | D:4      | Identified the +7 hunting sling "Kaal" {velocity, rN++
                  | Str+5 Int-5} (You bought it in a shop on level 4 of the
                  | Dungeon)
  3514 | D:4      | Found a staircase to the Ecumenical Temple.
  3524 | Temple   | Entered the Ecumenical Temple
  3658 | Temple   | Became a worshipper of the Wu Jian Council
  3806 | D:4      | Reached XP level 8. HP: 56/56 MP: 11/11
  3873 | D:4      | Reached skill level 11 in Polearms
  3873 | D:4      | Reached skill level 5 in Charms
  4758 | D:6      | Learned a level 3 spell: Spectral Weapon
  4782 | D:6      | Reached * piety under Wu Jian
  4957 | D:6      | Found a shattered altar of Ashenzari.
  5140 | D:6      | Reached skill level 12 in Polearms
  5446 | D:7      | Noticed Joseph
  5460 | D:6      | HP: 2/56 [orc wizard/+0 dagger (1)]
  5461 | D:6      | Slain by an orc wizard

Skill      XL: |  1  2  3  4  5  6  7  8 |
---------------+-------------------------+-----
Dodging        | 3 4 5 6 |  6.0
Polearms       | 4 5 6 7 8 10 12 | 12.1
Charms         | 4 5 |  5.8
Fighting       | |  2.1
Armour         | |  0.6
Spellcasting   | |  2.0

Action                   |  1- 3 |  4- 6 |  7- 9 || total
-------------------------+-------+-------+-------++-------
Melee: Spear             |   160 |   132 |       ||   292
       Trident           |       |    23 |       ||    23
       Halberd           |       |    13 |   199 ||   212
 Fire: Hunting sling     |       |       |    14 ||    14
 Cast: Infusion          |       |     2 |       ||     2
Invok: Lunge             |       |       |     3 ||     3
  Use: Scroll            |       |       |     7 ||     7
 Stab: Sleeping          |     4 |       |       ||     4
  Eat: Chunk             |     2 |     4 |     7 ||    13
       Ration            |       |       |     1 ||     1
Armor: Troll leather arm |    33 |    19 |    27 ||    79
       Leather armour    |       |       |    12 ||    12
Dodge: Dodged            |    77 |    61 |   132 ||   270
Block: Buckler           |     8 |    16 |       ||    24
